 Dungeon Crawl Stone Soup version 0.31-a0-233-g139696dc86 (webtiles) character file.

Game seed: 10739444938947920025

191 qw the Shooter (level 5, -4/32 HPs)
             Began as a Gargoyle Hexslinger on July 7, 2023.
             Slain by Edmund
             ... wielding a +4 flail of draining
              (5 damage)
             ... on level 4 of the Dungeon.
             The game lasted 00:01:17 (2867 turns).

qw the Shooter (Gargoyle Hexslinger)                Turns: 2867, Time: 00:01:17

Health: -4/32      AC: 11    Str: 11    XL:     5   Next: 70%
Magic:  6/6        EV: 11    Int: 17    God:
Gold:   174        SH:  0    Dex: 13    Spells: 5/6 levels left

rFire   . . .        Y - +1 sling
rCold   . . .        (no shield)
rNeg    + . .        e - +0 leather armour
rPois   inf          (no helmet)
rElec   +            k - +0 cloak
rCorr   .            c - +1 pair of gloves
SInv    .            (no boots)
Will    .....        (no amulet)
Stlth   +            (no ring)
HPRegen 0.25/turn    (no ring)
MPRegen 0.10/turn

%: no passive effects
@: about to teleport
A: sickness immunity, AC +4, negative energy resistance 1, electricity
resistance, torment resistance 1, petrification resistance, clever 1, shaggy fur
1
a: no special abilities


You were on level 4 of the Dungeon.
You visited 1 branch of the dungeon, and saw 4 of its levels.

You collected 174 gold pieces.


Innate Abilities, Weirdness & Mutations

You are immune to sickness and miasma.
Your stone body is resilient. (AC +4)
You are immune to poison.
You resist negative energy. (rN+)
You are resistant to electric shocks. (rElec)
You are resistant to unholy torment.
You are immune to petrification.
Your mind is acute. (Int +4, Str/Dex -1)
You are covered in fur. (AC +1)


   Skills:
 - Level 3.1 Fighting
 - Level 5.0 Ranged Weapons
 + Level 0.0 Armour
 - Level 1.5 Dodging
 - Level 1.0 Spellcasting
 - Level 2.6 Hexes


You had 5 spell levels left.
You knew the following spells:

 Your Spells              Type           Power      Damage    Failure   Level
a - Slow                  Hex            36%        N/A       10%         1

Your spell library contained the following spells:

 Spells                   Type           Power      Damage    Failure   Level
 Inner Flame              Hex/Fire       5%         N/A       43%         3
 Portal Projectile        Hex/Tloc       10%        N/A       43%         3
 Cause Fear               Hex            4%         N/A       67%         4

Inventory:

Hand Weapons
 Y - a +1 sling (weapon)
Armour
 c - a +1 pair of gloves (worn)
 e - a +0 leather armour (worn)
 h - a +0 ring mail
 k - a +0 cloak (worn)
Wands
 b - a wand of digging (4)
Scrolls
 a - 3 scrolls of identify {unknown}
 f - a scroll of teleportation
Potions
 d - a potion of curing {unknown}
 g - a potion of brilliance {unknown}
 i - a potion of magic {unknown}
 j - a potion of might {unknown}
 l - a potion of invisibility {unknown}

Dungeon Overview and Level Annotations

Branches:
Dungeon (4/15)
 Temple: D:4-7

Altars:

Annotations:
D:4 Edmund


Message History

The slug dart hits you but does no damage.
You shoot a sling bullet.
The sling bullet hits Edmund but does no damage.
The dart slug launches a dart at you. The slug dart misses you.
You shoot a sling bullet. The sling bullet hits Edmund.
Edmund is lightly wounded.
You shoot a sling bullet. The sling bullet hits Edmund!
Edmund is moderately wounded.
Edmund hits you with a +4 flail of draining.
Edmund closely misses you. The goblin hits you with a +0 club.
You shoot a sling bullet. The sling bullet hits Edmund!
Edmund is moderately wounded.
Edmund hits you with a +4 flail of draining!
The goblin hits you but does no damage.
You shoot a sling bullet.
The sling bullet hits Edmund but does no damage.
Edmund is moderately wounded.
The dart slug bites you but does no damage.
Edmund hits you with a +4 flail of draining.
The goblin barely misses you.
You shoot a sling bullet. The sling bullet closely misses Edmund.
Edmund hits you but does no damage. The goblin hits you but does no damage.
The dart slug launches a dart at you.
The slug dart hits you but does no damage.
You shoot a sling bullet. The sling bullet hits Edmund.
Edmund is heavily wounded.
Edmund hits you with a +4 flail of draining.
The goblin misses you. The dart slug barely misses you.
You shoot a sling bullet.
The sling bullet hits Edmund but does no damage.
Edmund is heavily wounded.
Edmund hits you with a +4 flail of draining!
The goblin hits you with a +0 club. The dart slug misses you.
Edmund hits you but does no damage. The goblin closely misses you.
2867 ||| READING 2 scrolls of teleportation.
As you read the scroll of teleportation, it crumbles to dust.
You feel strangely unstable.
Edmund hits you with a +4 flail of draining.
You die...

............ ..#
########.... # ..8#
#.... .. >..##########
###.. ...
...........####.... #8.
#.................
.##..##.........####..[.
......w.........# #####
......@@........# #
......g.........#
................#
##...#..........#
#####..........#
##........## #........#
#........# #####.####


You could see Edmund, a dart slug and a goblin.

Vanquished Creatures
  A hound (D:4)
  A sleepcap (D:4)
  4 adders
  2 worms
  2 dart slugs
  5 orcs (D:3)
  6 ball pythons
  9 bats
  8 endoplasms
  4 giant cockroaches
  10 goblins
  5 hobgoblins
  6 jackals
  3 quokkas (D:2)
  A frilled lizard (D:1)
  4 kobolds
  8 rats (D:1)
79 creatures vanquished.

Notes
Turn   | Place    | Note
-------+----------+-------------------------------------------
     0 | D:1      | qw the Gargoyle Hexslinger began the quest for the Orb.
     0 | D:1      | Reached XP level 1. HP: 12/12 MP: 2/2
     0 | D:1      | 0 ||| qw: Version: 0.3-a-46-gb1f654a
     0 | D:1      | 0 ||| qw: Game counter: 3010
     0 | D:1      | 0 ||| qw: Melee chars always use a shield: true
     0 | D:1      | 0 ||| qw: God list: Okawaru
     0 | D:1      | 0 ||| qw: Allow faded altars: false
     0 | D:1      | 0 ||| qw: Do Orc after clearing Dungeon:15 true
     0 | D:1      | 0 ||| qw: Do second Lair branch before Depths: true
     0 | D:1      | 0 ||| qw: Lair rune preference: random
     0 | D:1      | 0 ||| qw: Goals: Normal
     0 | D:1      | 0 ||| PLANNING D:1-11
     3 | D:1      | 3 ||| Stepping ~*~*~tactically~*~*~ (water).
   153 | D:1      | Reached XP level 2. HP: 11/16 MP: 3/3
   230 | D:1      | HP: 2/16 [frozen (5)]
   304 | D:1      | Reached skill level 3 in Ranged Weapons
   417 | D:1      | 417 ||| FLEEEEING.
   418 | D:1      | 418 ||| FLEEEEING.
   437 | D:1      | Reached XP level 3. HP: 21/21 MP: 4/4
   911 | D:1      | 911 ||| DROPPING ring of wizardry.
   912 | D:1      | 912 ||| READING scroll labelled QONKUC CAPLE.
   913 | D:1      | 913 ||| READING 2 scrolls labelled APNAUT IL WESS.
   914 | D:1      | 914 ||| READING 2 scrolls labelled TUECEE DOGGEA.
  1015 | D:1      | 1015 ||| READING scroll labelled BOUXOL ZUGARGHI.
  1018 | D:1      | 1018 ||| DRINKING 3 viscous blue potions.
  1018 | D:1      | Gained mutation: You do not regenerate when monsters are
                  | visible. [potion of mutation]
  1018 | D:1      | Gained mutation: You have sharp toenails. [potion of
                  | mutation]
  1019 | D:1      | 1019 ||| DRINKING 2 potions of mutation.
  1019 | D:1      | Lost mutation: You have sharp toenails. [potion of
                  | mutation]
  1019 | D:1      | Lost mutation: You do not regenerate when monsters are
                  | visible. [potion of mutation]
  1019 | D:1      | Gained mutation: You possess an exceptional clarity of
                  | mind. [potion of mutation]
  1019 | D:1      | Gained mutation: You occasionally lose the ability to drink
                  | potions when taking damage. [potion of mutation]
  1020 | D:1      | 1020 ||| DRINKING potion of mutation.
  1020 | D:1      | Lost mutation: You possess an exceptional clarity of mind.
                  | [potion of mutation]
  1020 | D:1      | Lost mutation: You occasionally lose the ability to drink
                  | potions when taking damage. [potion of mutation]
  1020 | D:1      | Gained mutation: Your mind is acute. (Int +4, Str/Dex -1)
                  | [potion of mutation]
  1020 | D:1      | Gained mutation: You are covered in fur. (AC +1) [potion of
                  | mutation]
  1021 | D:1      | 1021 ||| DROPPING scroll of poison.
  1022 | D:1      | 1022 ||| DROPPING scroll of blinking.
  1023 | D:1      | 1023 ||| DROPPING scroll of silence.
  1306 | D:2      | Reached XP level 4. HP: 26/26 MP: 5/5
  1417 | D:2      | Reached skill level 4 in Ranged Weapons
  1922 | D:2      | 1922 ||| UPGRADING to +0 leather armour.
  1932 | D:2      | 1932 ||| DROPPING +0 robe.
  1933 | D:2      | 1933 ||| READING scroll labelled QAONTE OHOIFO.
  2150 | D:3      | 2150 ||| FLEEEEING.
  2151 | D:3      | 2151 ||| FLEEEEING.
  2185 | D:3      | Reached XP level 5. HP: 30/30 MP: 6/6
  2304 | D:3      | 2304 ||| UPGRADING to +0 pair of gloves.
  2309 | D:3      | 2309 ||| UPGRADING to +0 cloak.
  2314 | D:3      | 2314 ||| READING scroll labelled YGIKKE QIUVEGU.
  2315 | D:3      | 2315 ||| READING scroll labelled SOBA GUZYECE.
  2316 | D:3      | 2316 ||| READING scroll labelled KYKLARGHA OSEV.
  2317 | D:3      | 2317 ||| READING scroll labelled ROKIMUECHIRR.
  2391 | D:4      | Reached skill level 5 in Ranged Weapons
  2499 | D:4      | Reached skill level 3 in Fighting
  2840 | D:4      | 2840 ||| READING scroll of enchant armour.
  2840 | D:4      | 2840 ||| ENCHANTING +0 pair of gloves.
  2854 | D:4      | Noticed Edmund
  2866 | D:4      | HP: 3/32 [Edmund/+4 flail of draining (9)]
  2866 | D:4      | HP: 1/32 [goblin/+0 club (2)]
  2867 | D:4      | 2867 ||| READING 2 scrolls of teleportation.
  2867 | D:4      | Slain by Edmund

Levels and vault maps discovered:
D:1:      dpeg_arrival_subterranean_lakeside_camping, layout_basic
D:2:      layout_basic
D:3:      layout_rooms
D:4:      layout_basic, st_stairs_6, uniq_edmund

Skill      XL: |  1  2  3  4  5 |
---------------+----------------+-----
Ranged Weapons | 3 4 5 |  5.0
Fighting       | 2 3 |  3.1
Dodging        | |  1.5
Spellcasting   | |  1.0
Hexes          | |  2.6

Action                     |  1- 3 |  4- 6 || total
---------------------------+-------+-------++-------
   Fire: Sling             |   146 |   177 ||   323
    Use: Scroll            |     4 |     7 ||    11
         Potion            |     3 |       ||     3
 Armour: Robe              |    36 |    10 ||    46
         Leather armour    |       |    49 ||    49
  Dodge: Dodged            |    48 |    73 ||   121

Table legend:
 A = Non-vault XP
 B = Vault XP
 C = Vault XP percentage of total XP
 D = Non-vault monster count
 E = Vault monster count
 F = Vault count percentage of total count
                 A         B        C        D         E       F
            +---------+---------+-------+---------+---------+-------
      Total |     265 |       9 |   3.3 |      73 |       6 |   7.6
            +---------+---------+-------+---------+---------+-------
        D:1 |      43 |       9 |  17.3 |      27 |       6 |  18.2
        D:2 |      72 |       0 |   0.0 |      23 |       0 |   0.0
        D:3 |      68 |       0 |   0.0 |      18 |       0 |   0.0
        D:4 |      82 |       0 |   0.0 |       5 |       0 |   0.0
            +---------+---------+-------+---------+---------+-------
